 Dungeon Crawl Stone Soup version 0.22-a0-601-gb0ed703 (webtiles) character file.

5729 sking99 the Cleaver (level 10, -6/88 HPs)
             Began as a Hill Orc Monk on July 6, 2018.
             Was a Priest of Kikubaaqudgha.
             Incinerated by a deep elf mage (7 damage)
             ... with a sticky flame
             ... on level 9 of the Dungeon.
             The game lasted 00:28:30 (13791 turns).

sking99 the Cleaver (Hill Orc Monk)                Turns: 13791, Time: 00:28:31

Health: -6/88      AC: 10    Str: 15    XL:     10   Next: 77%
Magic:  10/15      EV: 18    Int: 13    God:    Kikubaaqudgha [***...]
Gold:   559        SH:  0    Dex: 18    Spells: 9/16 levels left

rFire    . . .     SeeInvis .   a - +1 battleaxe (freeze)
rCold    + . .     Gourm    +   (shield currently unavailable)
rNeg     . . .     Faith    .   i - +1 ring mail {rC+}
rPois    .         Spirit   .   O - +0 helmet
rElec    .         Reflect  .   A - +0 cloak
rCorr    .         Harm     .   u - +1 pair of gloves
MR       +....                  (no boots)
Stlth    +.........             F - amulet of the gourmand
HPRegen  0.24/turn              I - +2 ring of evasion
MPRegen  0.14/turn              v - ring of protection from magic

@: agile, liquid flames, glowing, drained
A: no striking features
a: Receive Corpses, Renounce Religion


You were on level 9 of the Dungeon.
You worshipped Kikubaaqudgha.
Kikubaaqudgha was most pleased with you.
You were full.

You visited 2 branches of the dungeon, and saw 10 of its levels.

You collected 559 gold pieces.

Inventory:

Hand Weapons
 a - a +1 battleaxe of freezing (weapon)
 e - a +2 battleaxe
 y - a +1 hand axe of venom
 C - a +0 war axe
 E - the +5 mace of Nirujirr {crush, rElec rPois rN+}
   (You found it on level 6 of the Dungeon)

   It inflicts extra damage upon your enemies.
   It insulates you from electricity.
   It protects you from poison.
   It protects you from negative energy.
Armour
 i - a +1 ring mail of cold resistance (worn)
 u - a +1 pair of gloves (worn)
 A - a +0 cloak (worn)
 O - a +0 helmet (worn)
Jewellery
 v - a ring of protection from magic (right hand)
 B - an uncursed ring of fire
 F - an amulet of the gourmand (around neck)
 I - a +2 ring of evasion (left hand)
 L - a +3 ring of dexterity {unknown}
 M - an uncursed amulet of the acrobat
 P - an uncursed amulet of magic regeneration {unknown}
Wands
 k - a wand of flame (11)
 x - a wand of random effects (26)
 z - a wand of disintegration (4)
 D - a wand of polymorph (16)
 K - a wand of iceblast (6)
Scrolls
 d - a scroll of enchant armour
 f - 6 scrolls of blinking
 h - a scroll of amnesia
 j - 3 scrolls of remove curse
 p - 2 scrolls of identify
 q - a scroll of fog
 G - 2 scrolls of magic mapping
 H - a scroll of silence {unknown}
 J - a scroll of immolation
 N - 2 scrolls of teleportation
Potions
 g - 2 potions of curing {unknown}
 l - 5 potions of lignification
 m - a potion of invisibility
 n - 2 potions of degeneration
 o - a potion of flight {unknown}
 s - a potion of mutation {unknown}
 t - a potion of cancellation {unknown}
 w - 3 potions of brilliance {unknown}
 Q - a potion of berserk rage {unknown}
Miscellaneous
 b - a phantom mirror
Comestibles
 c - 23 rations


   Skills:
 - Level 8.1(7.2) Fighting
 - Level 14.0(13.0) Axes
 - Level 2.7(1.9) Armour
 - Level 2.4(1.6) Dodging
 - Level 1.5(0.8) Stealth
 + Level 3.8(3.0) Spellcasting
 * Level 7.5(6.6) Necromancy


You had 9 spell levels left.
You knew the following spells:

 Your Spells              Type           Power        Failure   Level  Hunger
a - Pain                  Necr           ###.         2%          1    #......
b - Animate Skeleton      Necr           N/A          2%          1    #......
c - Sublimation of Blood  Necr           ###.......   4%          2    ##.....
d - Vampiric Draining     Necr           ###.......   9%          3    ###....

Your spell library contained the following spells:

 Spells                   Type           Power        Failure   Level  Hunger
 Dispel Undead            Necr           ###.....     61%         5    ######.
 Agony                    Necr           ###.....     61%         5    ######.
 Death Channel            Necr           ###.......   99%         6    #######
 Simulacrum               Ice/Necr       ##........   100%        6    #######
 Excruciating Wounds      Chrm/Necr      ##........   97%         5    ######.


Dungeon Overview and Level Annotations

Branches:
Dungeon (9/15)             Temple (1/1) D:6
   Lair: D:8-11         Orc: D:9-12

Altars:
Ashenzari
Cheibriados
Dithmenos
Elyvilon
Fedhas
Gozag
Hepliaklqana
Kikubaaqudgha
Makhleb
Nemelex Xobeh
Okawaru
Qazlal
Ru
Sif Muna
Trog
Uskayaw
Vehumet
Wu Jian
Xom
Yredelemnul
Zin
The Shining One

Shops:
D:6 *


Message History

Aim: a phantom (severely damaged)
You can't drain life from that!
You barely miss the phantom.
The phantom is severely damaged.
The phantom hits you but does no damage.
You slice the phantom!! You freeze the phantom.
You destroy the phantom!
Kikubaaqudgha accepts your kill.
The deep elf mage gestures at you while chanting.
The sticky flame hits you!
You are covered in liquid flames!
* * * LOW HITPOINT WARNING * * *
You are covered in liquid flames!
* * * LOW HITPOINT WARNING * * *
You are covered in liquid flames!
* * * LOW HITPOINT WARNING * * *
You feel agile all of a sudden.
You are covered in liquid flames!
You die...
Kikubaaqudgha rasps: "You have failed me!
Welcome... death!"

#.# #..#
##.......)....
###..# #..#
#####.............
.....# #..#
#.................
###### #..#
#.................
#..##
##.....###........
#...## ##..###
####..... ##...###
##### ######
#.....###...## ##
#.....e.@....# #.
#...#.....##..# #.
#..####...###..#
#. # #..# ##..#
##.# #. ## #..#
#..# .# #. .## #..
##.# #. #. ..# ..#
#. #. #.# .## #
##. #.# #..


You could see a deep elf mage.

Vanquished Creatures
  Erica (D:8)
  A two-headed ogre (D:9)
  Maurice (D:8)
  Grinder (D:6)
  Menkaure (D:6)
  2 orc warriors
  An ice beast (D:4)
  A sky beast (D:9)
  2 phantoms
  An eye of draining (D:9)
  4 ogres
  A black bear (D:6)
  5 centaurs
  2 bullfrogs (D:7)
  A gnoll sergeant (D:7)
  A scorpion (D:2)
  13 wights
  4 howler monkeys
  6 crimson imps
  A centaur zombie (D:7)
  A jelly (D:8)
  A bullfrog zombie (D:6)
  3 centaur skeletons
  4 orc priests
  2 hounds (D:9)
  Crazy Yiuf (D:6)
  2 bullfrog skeletons
  7 orc wizards
  3 iguanas
  5 worker ants
  18 adders
  8 gnolls
  An adder zombie (D:6)
  A worm (D:3)
  A dart slug (D:5)
  3 leopard geckos
  31 orcs
  7 giant cockroaches
  4 goblins
  9 hobgoblins
  9 jackals
  7 kobolds
  8 quokkas
  3 bats
  4 frilled lizards
  A leopard gecko skeleton (D:6)
  2 quokka skeletons
  8 rats
204 creatures vanquished.

Vanquished Creatures (collateral kills)
  Psyche (D:7)
  An ogre (D:7)
  A jelly (D:7)
  An orc priest (D:7)
  4 orcs (D:7)
8 creatures vanquished.

Vanquished Creatures (others)
  2 quokkas (D:5)
2 creatures vanquished.

Grand Total: 214 creatures vanquished

Notes
Turn   | Place    | Note
-------+----------+-------------------------------------------
     0 | D:1      | sking99 the Hill Orc Monk began the quest for the Orb.
     0 | D:1      | Reached XP level 1. HP: 19/19 MP: 1/1
   378 | D:1      | Reached XP level 2. HP: 26/27 MP: 2/2
   712 | D:1      | Reached skill level 5 in Axes
   917 | D:2      | Reached XP level 3. HP: 27/33 MP: 3/3
   996 | D:2      | Noticed a scorpion
  1017 | D:2      | Killed a scorpion
  1017 | D:2      | Reached skill level 6 in Axes
  1017 | D:2      | Reached XP level 4. HP: 21/41 MP: 4/4
  2068 | D:2      | Reached XP level 5. HP: 43/47 MP: 5/5
  2576 | D:3      | Reached skill level 5 in Fighting
  2741 | D:3      | Reached skill level 7 in Axes
  3546 | D:4      | Reached XP level 6. HP: 50/56 MP: 6/6
  3874 | D:4      | Reached skill level 8 in Axes
  4130 | D:4      | Found a sacrificial altar of Ru.
  4279 | D:4      | Noticed an ice beast
  4297 | D:4      | Killed an ice beast
  4297 | D:4      | Reached skill level 9 in Axes
  4297 | D:4      | Reached XP level 7. HP: 33/63 MP: 7/7
  5122 | D:5      | Entered Level 5 of the Dungeon
  5376 | D:5      | Reached skill level 10 in Axes
  5376 | D:5      | Reached XP level 8. HP: 33/73 MP: 8/8
  6277 | D:5      | Found a radiant altar of Vehumet.
  6819 | D:6      | Noticed Menkaure
  7209 | D:6      | Reached skill level 11 in Axes
  7210 | D:6      | Found Uxos's Assorted Antiques.
  7353 | D:6      | Killed Menkaure
  7368 | D:6      | Found a runed door.
  7375 | D:6      | Got an ivory mace
  7376 | D:6      | Identified the +5 mace of Nirujirr {crush, rElec rPois rN+} (You found it on level 6 of the Dungeon)
  7902 | D:6      | Reached skill level 12 in Axes
  7902 | D:6      | Reached skill level 1 in Armour
  7948 | D:6      | Noticed Grinder
  7959 | D:6      | Paralysed by Grinder for 2 turns
  7962 | D:6      | Reached XP level 9. HP: 26/81 MP: 9/9
  7970 | D:6      | Paralysed by Grinder for 3 turns
  7977 | D:6      | Killed Grinder
  8210 | D:6      | Found a staircase to the Ecumenical Temple.
  8315 | Temple   | Entered the Ecumenical Temple
  8494 | Temple   | Became a worshipper of Kikubaaqudgha
  8494 | Temple   | Reached * piety under Kikubaaqudgha
  8494 | Temple   | Identified Kikubaaqudgha's Grimoire of Evil (Kikubaaqudgha gifted it to you in the Ecumenical Temple)
  8494 | Temple   | Received a gift from Kikubaaqudgha
  8494 | Temple   | Reached ** piety under Kikubaaqudgha
  8498 | Temple   | Learned a level 1 spell: Animate Skeleton
  8500 | Temple   | Learned a level 1 spell: Pain
  8503 | Temple   | Learned a level 2 spell: Sublimation of Blood
  8507 | Temple   | Learned a level 3 spell: Vampiric Draining
  8666 | D:6      | Noticed Crazy Yiuf
  8669 | D:6      | Killed Crazy Yiuf
  9016 | D:7      | Reached skill level 1 in Necromancy
  9099 | D:7      | Reached skill level 13 in Axes
  9099 | D:7      | Reached skill level 1 in Spellcasting
  9653 | D:8      | Noticed Psyche
 10061 | D:7      | Killed Psyche
 10494 | D:8      | Noticed Erica
 10524 | D:8      | Killed Erica
 10524 | D:8      | Reached skill level 14 in Axes
 10524 | D:8      | Reached skill level 5 in Necromancy
 10524 | D:8      | Reached XP level 10. HP: 24/88 MP: 1/13
 11035 | D:8      | Reached *** piety under Kikubaaqudgha
 11035 | D:8      | Identified Kikubaaqudgha's Guide on Dark Secrets (Kikubaaqudgha gifted it to you on level 8 of the Dungeon)
 11035 | D:8      | Received a gift from Kikubaaqudgha
 11045 | D:8      | Noticed Maurice
 11067 | D:8      | HP: 4/88 [wight/battleaxe of freezing (2)]
 12440 | D:8      | Killed Maurice
 13540 | D:9      | Noticed a two-headed ogre
 13545 | D:9      | Killed a two-headed ogre
 13770 | D:9      | Noticed a deep elf mage
 13790 | D:9      | HP: 1/88 [burnt (6)]
 13791 | D:9      | Incinerated by a deep elf mage

Vault maps used:
D:1:      dpeg_arrival_rooms_b
D:4:      nicolae_ru_awakened_eye, first_ration
D:5:      basic_altar, minmay_fountain_box, lemuel_flamethrower_2
D:6:      minmay_temple_entry_poolview, serial_shops, nicolae_shop_waterfront,
          uniq_crazy_yiuf_cottage, uniq_grinder, uniq_menkaure
D:7:      corexii_shack_village
D:8:      uniq_erica, uniq_maurice, uniq_psyche
Temple:   minmay_crystal_snake_temple

Skill      XL: |  1  2  3  4  5  6  7  8  9 10 |
---------------+-------------------------------+-----
Fighting       | 4 5 6 7 8 |  8.1
Axes           | 5 6 7 9 10 12 14 | 14.0
Armour         | 1 2 |  2.7
Necromancy     | 5 7 |  7.5
Spellcasting   | 2 3 |  3.8
Dodging        | |  2.4
Stealth        | |  1.5

Action                   |  1- 3 |  4- 6 |  7- 9 | 10-12 || total
-------------------------+-------+-------+-------+-------++-------
Melee: Hand axe          |    87 |   196 |    95 |       ||   378
       War axe           |       |       |   353 |    49 ||   402
       Battleaxe         |       |       |       |   101 ||   101
 Cast: Animate Skeleton  |       |       |    13 |     4 ||    17
       Vampiric Draining |       |       |     1 |     2 ||     3
       Pain              |       |       |       |     4 ||     4
Invok: Receive Corpses   |       |       |     1 |     1 ||     2
  Use: Scroll            |       |    11 |     9 |     1 ||    21
       Potion            |       |       |     2 |     3 ||     5
 Stab: Sleeping          |     1 |       |     1 |       ||     2
       Distracted        |       |       |     3 |       ||     3
  Eat: Chunk             |       |    11 |    26 |    13 ||    50
       Ration            |       |       |     1 |       ||     1
Armor: Robe              |    13 |       |       |       ||    13
       Ring mail         |    20 |    63 |   181 |    36 ||   300
Dodge: Dodged            |    60 |    85 |   219 |    76 ||   440

Table legend:
 A = Spawn XP
 B = Non-spawn XP
 C = Spawn XP percentage of total XP
 D = Spawn monster count
 E = Non-spawn monster count
 F = Spawn count percentage of total count
 G = Total turns spent on level
                    A         B        C        D         E        F      G
               +---------+---------+-------+---------+---------+-------+---------
         Total |       0 |    8185 |   0.0 |       0 |     212 |   0.0 | 13791
               +---------+---------+-------+---------+---------+-------+---------
           D:1 |       0 |      33 |   0.0 |       0 |      22 |   0.0 |   911
           D:2 |       0 |     159 |   0.0 |       0 |      17 |   0.0 |  1386
           D:3 |       0 |     170 |   0.0 |       0 |      18 |   0.0 |  1611
           D:4 |       0 |     639 |   0.0 |       0 |      24 |   0.0 |  1449
           D:5 |       0 |     531 |   0.0 |       0 |      19 |   0.0 |  1828
           D:6 |       0 |    1261 |   0.0 |       0 |      28 |   0.0 |  1322
           D:7 |       0 |    1703 |   0.0 |       0 |      46 |   0.0 |  1518
           D:8 |       0 |    1905 |   0.0 |       0 |      14 |   0.0 |  2302
           D:9 |       0 |    1784 |   0.0 |       0 |      24 |   0.0 |  1239
               +---------+---------+-------+---------+---------+-------+---------
